 Dungeon Crawl Stone Soup version 0.19-a0-1013-g40768a3 (webtiles) character file.

1397 Gagarin the Ducker (level 8, 0/61 HPs)
             Began as a Demonspawn Gladiator on July 24, 2016.
             Was an Initiate of Makhleb.
             Slain by an orc wizard
             ... wielding a +0 dagger
              (1 damage)
             ... in the Ecumenical Temple.
             The game lasted 00:17:19 (6852 turns).

Gagarin the Ducker (Demonspawn Gladiator)           Turns: 6852, Time: 00:17:20

Health: 0/61       AC:  7    Str: 22    XL:     8   Next: 41%
Magic:  8/8        EV: 14    Int: 11    God:    Makhleb [......]
Gold:   356        SH:  0    Dex: 13    Spells: 0 memorised, 7 levels left

rFire  . . .     SeeInvis .     a - +0 quarterstaff
rCold  . . .     Gourm    .     b - +0 leather armour
rNeg   . . .     Faith    .     (shield currently unavailable)
rPois  .         Spirit   .     c - +0 helmet
rElec  .         Dismiss  .     v - +0 cloak
rCorr  .         Reflect  .     (no gloves)
SustAt .         Harm     .     (no boots)
MR     .....                    (no amulet)
Stlth  ++........               (no ring)
                                (no ring)

@: mighty, not resistant to hostile enchantments, unstealthy
A: claws 2, slimy green scales 1
a: Renounce Religion


You were in the Ecumenical Temple.
You worshipped Makhleb.
Makhleb was noncommittal.
You were very hungry.

You visited 2 branches of the dungeon, and saw 8 of its levels.

You collected 356 gold pieces.

Inventory:

Hand Weapons
 a - a +0 quarterstaff (weapon)
 I - a +4 hunting sling
Missiles
 h - 91 arrows
 p - 50 bolts
 J - 29 sling bullets
Armour
 b - a +0 leather armour (worn)
 c - a +0 helmet (worn)
 v - a +0 cloak (worn)
Wands
 w - a wand of paralysis (7/24)
Scrolls
 g - a scroll of magic mapping {unknown}
 i - a scroll of teleportation
 m - 2 scrolls of amnesia {unknown}
 n - 4 scrolls of identify
 o - a scroll of fear {unknown}
 q - 4 scrolls of remove curse {unknown}
 x - a scroll of enchant armour {unknown}
 y - 2 scrolls of blinking {unknown}
 z - a scroll of immolation {unknown}
 D - a scroll of fog {unknown}
 E - a scroll of recharging {unknown}
 G - 2 scrolls of enchant weapon {unknown}
Potions
 l - a potion of might
 r - a potion of ambrosia {unknown}
 s - a potion of cure mutation {unknown}
 t - a potion of resistance {unknown}
 u - 4 potions of degeneration {unknown}
 A - a potion of haste {unknown}
 B - a potion of berserk rage
 C - 2 potions of flight {unknown}
 F - a potion of agility {unknown}
Comestibles
 d - 4 meat rations
 f - 4 bread rations
 j - 2 beef jerkies
 k - 4 fruits


   Skills:
 + Level 4.4 Fighting
 + Level 5.2 Staves
 + Level 1.1(1.7) Slings
 + Level 2.0(2.1) Throwing
 + Level 3.2 Armour
 + Level 5.5 Dodging
 + Level 3.8 Stealth
 + Level 1.2 Evocations


You had 7 spell levels left.
You didn't know any spells.

Dungeon Overview and Level Annotations

Branches:
Dungeon (7/15)             Temple (1/1) D:7

Altars:
Ashenzari
Dithmenos
Elyvilon
Gozag
Hepliaklqana
Kikubaaqudgha
Makhleb
Okawaru
Pakellas
Sif Muna
Xom
Yredelemnul
Zin
The Shining One

Shops:
D:3 }

Annotations:
D:3 HAL9000's ghost, amateur OgBe


Innate Abilities, Weirdness & Mutations

You have very sharp fingernails.
You are partially covered in slimy green scales. (AC +2)


Message History

You hit the orc wizard.
The orc wizard is heavily wounded.
The orc wizard points at you and mumbles some strange words.
The puff of frost misses you. The orc barely misses you.
You hit the orc wizard.
The orc wizard is severely wounded.
The orc wizard casts a spell at you. The puff of flame hits you!
* * * LOW HITPOINT WARNING * * *
The orc wizard casts a spell at you. The magic dart hits you!
You closely miss the orc wizard.
The orc wizard is severely wounded.
The orc barely misses you. The orc wizard casts a spell at you.
The puff of flame misses you.
It was a potion of might.
You feel very mighty all of a sudden. The orc wizard hits you with a dagger.
You die...

≈≈≈≈≈≈≈.....≈≈≈≈≈≈≈≈≈≈≈≈≈≈
≈≈≈≈≈≈≈.....≈≈≈≈≈≈≈≈≈≈≈≈≈≈
≈≈≈≈≈≈≈..⌠..≈≈≈≈≈≈≈≈≈≈≈≈≈≈
≈≈≈≈≈≈≈.....≈≈≈≈≈≈≈≈≈≈≈≈≈≈
≈≈≈≈≈≈≈....§§§≈≈≈≈≈≈≈≈≈≈≈≈
≈≈≈≈≈≈≈....§≈§≈≈≈≈≈≈≈≈≈≈≈≈
≈≈≈≈≈≈≈....§§§≈≈≈≈≈≈≈≈≈≈≈.
≈≈≈≈≈≈≈...................
≈≈≈≈≈≈≈..@o...............
≈≈≈≈≈≈≈.o.................
≈≈≈≈≈≈≈......≈≈≈≈≈≈≈≈≈≈≈≈.
≈≈≈≈≈≈≈.....≈≈≈≈≈≈≈≈≈≈≈≈≈≈
≈≈≈≈≈≈≈.....≈≈≈≈≈≈≈≈≈≈≈≈≈≈
≈≈≈≈≈≈≈.....≈≈≈≈≈≈≈≈≈≈≈≈≈≈
≈≈≈≈≈≈≈..⌠..≈≈≈≈≈≈≈≈≈≈≈≈≈≈
≈≈≈≈≈≈≈.....≈≈≈≈≈≈≈≈≈≈≈≈≈≈
≈≈≈≈≈≈≈.....≈≈≈≈≈≈≈≈≈≈≈≈≈≈


You could see an orc wizard and an orc.

Vanquished Creatures
  Sigmund (D:4)
  Menkaure (D:6)
  An ice beast (Temple)
  An ogre (D:5)
  A giant frog (D:6)
  Blork the orc (D:6)
  A scorpion (D:5)
  A howler monkey (D:5)
  4 crimson imps
  4 hounds
  2 orc priests (D:5)
  An orc wizard (D:5)
  A giant frog skeleton (D:7)
  An iguana (D:6)
  A hound skeleton (D:4)
  5 gnolls
  11 adders
  2 shadow imps
  2 oozes
  An adder skeleton (D:6)
  4 worms
  2 dart slugs
  7 giant geckos
  8 orcs
  9 giant cockroaches
  7 goblins
  9 hobgoblins
  8 jackals
  4 quokkas
  2 ball pythons
  A bat (D:3)
  8 giant newts
  10 kobolds
  A quokka skeleton (D:5)
  7 rats
130 creatures vanquished.

Notes
Turn   | Place    | Note
-------+----------+-------------------------------------------
     0 | D:1      | Gagarin the Demonspawn Gladiator began the quest for the Orb.
     0 | D:1      | Reached XP level 1. HP: 16/16 MP: 1/1
   261 | D:1      | Gained mutation: You are partially covered in slimy green scales. (AC +2) [demonic ancestry]
   261 | D:1      | Reached XP level 2. HP: 22/22 MP: 2/2
   681 | D:2      | Gained mutation: You have sharp fingernails. [demonic ancestry]
   681 | D:2      | Reached XP level 3. HP: 9/28 MP: 3/3
   687 | D:2      | HP: 1/28 [kobold/dagger (3)]
   703 | D:2      | HP: 1/28 [kobold/short sword (2)]
   708 | D:2      | Found an oddly glowing altar of Pakellas.
  1202 | D:2      | Reached XP level 4. HP: 31/34 MP: 4/4
  1354 | D:2      | Reached skill level 1 in Stealth
  1632 | D:2      | Reached skill level 1 in Armour
  1820 | D:2      | Reached XP level 5. HP: 29/40 MP: 5/5
  2517 | D:3      | Found a shimmering altar of Xom.
  2556 | D:3      | Noticed HAL9000's ghost (amateur OgBe)
  3220 | D:4      | Noticed Sigmund
  3270 | D:5      | Entered Level 5 of the Dungeon
  3532 | D:5      | Gained mutation: You have very sharp fingernails. [demonic ancestry]
  3532 | D:5      | Reached XP level 6. HP: 43/47 MP: 6/6
  4115 | D:5      | Reached skill level 1 in Evocations
  4115 | D:5      | Reached XP level 7. HP: 31/52 MP: 7/7
  4855 | D:4      | Killed Sigmund
  5047 | D:6      | Reached skill level 5 in Dodging
  5173 | D:6      | Noticed Menkaure
  5189 | D:6      | Killed Menkaure
  5189 | D:6      | Reached XP level 8. HP: 38/60 MP: 8/8
  5336 | D:3      | Found an oddly glowing altar of Pakellas.
  5336 | D:3      | Found Pakellas's Prime Provisions.
  5997 | D:6      | Noticed Blork the orc
  6009 | D:6      | Killed Blork the orc
  6009 | D:6      | Reached skill level 5 in Staves
  6207 | D:7      | Reached skill level 1 in Slings
  6392 | D:7      | Found a staircase to the Ecumenical Temple.
  6401 | Temple   | Entered the Ecumenical Temple
  6801 | Temple   | Became a worshipper of Makhleb the Destroyer
  6850 | Temple   | HP: 1/61 [orc wizard/puff of flame (3)]
  6852 | Temple   | Slain by an orc wizard

Vault maps used:
D:1:      shiori_arrival_elements
D:2:      lemuel_crystal_altar
D:3:      lemuel_crystal_altar, first_bread, johnstein_pakellas_shop
D:4:      uniq_sigmund
D:5:      roderic_lattice_a
D:6:      sigmund_army, uniq_blork_the_orc, uniq_menkaure
D:7:      minitemple, nemelex_xobeh_ov_fountains_minmay,
          david_defended_altar_orc
Temple:   minmay_temple_bridge_abc

Skill      XL: |  1  2  3  4  5  6  7  8 |
---------------+-------------------------+-----
Dodging        | 3 4 5 |  5.5
Staves         | 3 4 5 |  5.2
Throwing       | 2 |  2.0
Stealth        | 1 2 3 |  3.8
Armour         | 1 2 3 |  3.2
Fighting       | 3 4 |  4.4
Evocations     | 1 |  1.2
Slings         | 1 |  1.1

Action                   |  1- 3 |  4- 6 |  7- 9 || total
-------------------------+-------+-------+-------++-------
Melee: Quarterstaff      |   109 |   251 |   200 ||   560
 Fire: Hunting sling     |       |       |    18 ||    18
Throw: Throwing net      |     5 |       |       ||     5
Evoke: Wand              |       |     6 |       ||     6
  Use: Scroll            |       |     3 |     1 ||     4
       Potion            |       |       |     5 ||     5
 Stab: Held in net/web   |     3 |       |       ||     3
       Paralysed         |       |    15 |       ||    15
       Sleeping          |       |     3 |     2 ||     5
  Eat: Chunk             |     1 |     9 |     9 ||    19
Armor: Leather armour    |    37 |    79 |    69 ||   185
Dodge: Dodged            |    87 |   180 |   173 ||   440
